 Dungeon Crawl Stone Soup version 0.27-a0-1612-gde56a17b89 (webtiles) character file.

Game seed: 7697685995333761555

1581 robertstho the Magician (level 9, -8/62 HPs)
             Began as a Djinni Fire Elementalist on July 21, 2021.
             Mangled by Pikel (9 damage)
             ... on level 5 of the Dungeon.
             The game lasted 00:12:32 (7977 turns).

robertstho the Magician (Djinni Fire Elementalist)  Turns: 7977, Time: 00:12:33

Health: -8/62      AC:  2    Str:  7    XL:     9   Next: 14%
Gold:   231        EV: 14    Int: 20    God:
                   SH:  0    Dex: 14

rFire    + + .     SeeInvis .   m - +3 hand axe
rCold    x . .     Faith    .   (no shield)
rNeg     . . .     Spirit   .   a - +0 robe
rPois    ∞         Reflect  .   (no helmet)
rElec    .         Harm     .   (no cloak)
rCorr    .         Rampage  .   (no gloves)
Will     .....                  (boots unavailable)
Stlth    ++........             (no amulet)
HPRegen  0.20/turn              (no ring)
MPRegen  0.00/turn              (no ring)

@: flying
A: sickness immunity, fire resistance 2, cold vulnerability 1, float, innate
caster, hp casting, extra vitality 1
a: no special abilities


You were on level 5 of the Dungeon.
You visited 1 branch of the dungeon, and saw 5 of its levels.
You also visited: Sewer.

You collected 231 gold pieces.

Inventory:

Hand Weapons
 f - a +0 dagger
 m - a +3 hand axe (weapon)
 u - a +3 vorpal dire flail
Armour
 a - a +0 robe (worn)
Jewellery
 x - a ring of fire
Wands
 w - a wand of paralysis (7)
Scrolls
 h - a scroll of brand weapon {unknown}
 i - a scroll of blinking {unknown}
 j - 2 scrolls of fog {unknown}
 k - a scroll of immolation {unknown}
 l - 2 scrolls of magic mapping {unknown}
 n - a scroll of enchant weapon
 q - 2 scrolls of fear
Potions
 b - 3 potions of magic {unknown}
 c - 3 potions of cancellation
 d - 3 potions of heal wounds {unknown}
 e - 2 potions of curing {unknown}
 g - 2 potions of invisibility
 o - 2 potions of flight {unknown}
 p - a potion of lignification {unknown}
 r - a potion of brilliance {unknown}
 s - 2 potions of resistance {unknown}
 t - a potion of might {unknown}
 v - a potion of haste {unknown}


   Skills:
 * Level 4.2 Fighting
 + Level 0.8 Axes
 * Level 5.3 Dodging
 + Level 3.1 Stealth
 + Level 6.6 Spellcasting


You couldn't memorise any spells.
You knew the following spells:

 Your Spells              Type           Power      Damage    Failure   Level
a - Foxfire               Conj/Fire      100%       2x1d9     1%          1
b - Conjure Flame         Conj/Fire      33%        6-21      1%          3
c - Inner Flame           Hex/Fire       33%        N/A       1%          3
d - Sticky Flame          Conj/Fire      33%        2d5       6%          4
e - Fireball              Conj/Fire      16%        3d8       17%         5
f - Corona                Hex            36%        N/A       1%          1
g - Blink                 Tloc           N/A        N/A       1%          2
h - Mephitic Cloud        Conj/Pois/Air  33%        N/A       1%          3
i - Olgreb's Toxic Radia  Pois           33%        N/A       6%          4
Your spell library was empty.

Dungeon Overview and Level Annotations

Branches:
Dungeon (5/15)             Temple (0/1) D:5           Sewer (visited)

Altars:
Fedhas
Trog

Annotations:
D:5 Blork the orc, Pikel


Innate Abilities, Weirdness & Mutations

You are immune to sickness and miasma.
You are immune to poison.
Your flesh is very heat resistant. (rF++)
You are vulnerable to cold. (rC-)
You float through the air rather than walking.
You learn spells naturally, not from books.
Your magical power is your life essence.
You have superior vitality. (+4 HP)


Message History

Pikel burns!
Pikel cracks his whip.
Really fly into that teleport trap?
You enter a teleport trap!
The teleport trap disappears.
Your surroundings suddenly seem different.
You start resting.
A bullfrog zombie comes into view.
You start resting.
A bullfrog zombie is nearby!
Pikel shouts!
You hear a shout!
You fade into invisibility!
You are very lightly contaminated with residual magic.
Aiming: Paralyse
Press: ? - help, Shift-Dir - straight line, f/p - Pikel
Aim: Pikel, wielding a +0 whip of flaming and wearing a +0 robe (severely wounded, chance to affect: 46%) Pikel resists with some effort.
Blork the orc shouts!
Unknown command.
Aiming: Paralyse
Press: ? - help, Shift-Dir - straight line, f/p - Pikel
Aim: Pikel, wielding a +0 whip of flaming and wearing a +0 robe (severely wounded, chance to affect: 46%) Pikel resists with some effort.
The bullfrog zombie closely misses you.
Unknown command.
You hit Pikel.
Pikel is severely wounded.
You hit the bullfrog zombie. The bullfrog zombie barely misses you.
Pikel hits you with a +0 whip of flaming!
* * * LOW HITPOINT WARNING * * *
The bullfrog zombie barely misses you.
A water moccasin zombie comes into view.
It was a potion of cancellation.
Your magical effects are unravelling.
You feel magically purged.
Your magical contamination has completely faded away.
You flicker back into view.
The lemure shouts!
The bullfrog zombie hits you.
* * * LOW HITPOINT WARNING * * *
Pikel hits you with a +0 whip of flaming!
You die...

... .Z. #.# #.# #.#
####.##.###
#.........#
#Z##.##.#.# #@##.# ..
#K##.# .# ...... ..
#..o##. . #...Z≈..
#...≈≈≈≈ #######
#5..≈≈≈
.†....#########...≈≈≈
#####..K5..........≈≈


You could see Pikel, Blork the orc, a lemure, a water moccasin zombie and a
bullfrog zombie.

Vanquished Creatures
  An oklob plant (D:3)
  Edmund (D:4)
  A black bear (D:5)
  A hornet zombie (D:5)
  An ogre (D:4)
  3 lemures (D:5)
  2 kobold brigands (Sewer)
  A water moccasin zombie (D:5)
  2 bullfrog zombies (D:5)
  A centaur zombie (D:5)
  A hound (D:4)
  A jelly (D:4)
  4 orc priests
  An iguana (D:4)
  A hound skeleton (D:5)
  9 gnolls
  8 adders
  8 river rats (Sewer)
  3 dart slugs
  7 orcs
  11 ball pythons
  12 endoplasms
  6 giant cockroaches
  8 goblins
  2 hobgoblins (D:3)
  9 quokkas
  2 bats
  21 kobolds
  22 rats
150 creatures vanquished.

Vanquished Creatures (others)
  681 foxfires
  4 fungi (D:3)
  5 plants (D:3)
  9 withered plants (D:5)
699 creatures vanquished.

Grand Total: 849 creatures vanquished

Notes
Turn   | Place    | Note
-------+----------+-------------------------------------------
     0 | D:1      | robertstho the Djinni Fire Elementalist began the quest for
                  | the Orb.
     0 | D:1      | Reached XP level 1. HP: 15/15 MP: 0/0
   367 | D:1      | Reached XP level 2. HP: 15/22 MP: 0/0
  1665 | D:2      | Found a faded altar of an unknown god.
  1677 | D:2      | Reached XP level 3. HP: 21/26 MP: 0/0
  1677 | D:2      | Learned a level 1 spell: Corona
  1757 | D:2      | Reached skill level 3 in Spellcasting
  2059 | D:2      | Reached skill level 1 in Fighting
  2194 | D:2      | Reached XP level 4. HP: 18/32 MP: 0/0
  2200 | D:2      | Reached XP level 5. HP: 5/37 MP: 0/0
  2200 | D:2      | Learned a level 2 spell: Blink
  3397 | D:3      | Reached XP level 6. HP: 33/43 MP: 0/0
  3474 | D:3      | Found a bloodstained altar of Trog.
  3495 | D:3      | Found a glowing drain.
  3499 | Sewer    | Entered a sewer
  3564 | Sewer    | Reached skill level 4 in Spellcasting
  3757 | Sewer    | Reached XP level 7. HP: 31/49 MP: 0/0
  3757 | Sewer    | Learned a level 3 spell: Mephitic Cloud
  4595 | Sewer    | Identified the +1 ring mail "Juizoj" {Stlth+}
  5093 | D:3      | Found a blossoming altar of Fedhas.
  5332 | D:3      | Noticed an oklob plant
  5349 | D:3      | Killed an oklob plant
  5350 | D:3      | Reached skill level 5 in Spellcasting
  5350 | D:3      | Reached XP level 8. HP: 23/56 MP: 0/0
  6027 | D:4      | Noticed Edmund
  6053 | D:4      | Killed Edmund
  6495 | D:4      | Reached skill level 6 in Spellcasting
  6849 | D:5      | Entered Level 5 of the Dungeon
  7013 | D:5      | Noticed Blork the orc
  7616 | D:5      | Reached skill level 5 in Dodging
  7616 | D:5      | Reached XP level 9. HP: 57/62 MP: 0/0
  7616 | D:5      | Learned a level 4 spell: Olgreb's Toxic Radiance
  7774 | D:5      | Found a staircase to the Ecumenical Temple.
  7942 | D:5      | Noticed Pikel
  7976 | D:5      | HP: 3/62 [Pikel (9)]
  7977 | D:5      | HP: 1/62 [bullfrog zombie (2)]
  7977 | D:5      | Mangled by Pikel

Illustrated notes

Levels and vault maps discovered:
D:1:      eino_arrival_cavern_b, layout_basic
D:2:      layout_loops_ring, hellmonk_ecumenical_altar_crossroads,
          kennysheep_generic_room_11
D:3:      layout_rooms, mainiacjoe_overflow_cross_hatched, tgw_fedhas,
          gup_sewer_entry_bowl, minmay_crystal_room, minmay_bisected
D:4:      layout_cave_pods, uniq_edmund
D:5:      layout_loops_ring, temple_doors_e, serial_undead, serial_undead_f,
          serial_undead_f, serial_undead_f, serial_undead_e,
          lightli_church_of_beogh, uniq_pikel, uniq_blork_the_orc

Skill      XL: |  1  2  3  4  5  6  7  8 |
---------------+-------------------------+-----
Spellcasting   | 3 4 5 6 |  6.6
Fighting       | 1 2 3 4 |  4.2
Stealth        | 2 3 |  3.1
Dodging        | 3 4 5 |  5.3
Axes           | |  0.8

Action                   |  1- 3 |  4- 6 |  7- 9 || total
-------------------------+-------+-------+-------++-------
Melee: Hand axe          |       |    10 |    26 ||    36
 Cast: Foxfire           |    88 |    86 |   233 ||   407
       Fireball          |       |       |     7 ||     7
       Mephitic Cloud    |       |       |     9 ||     9
       Sticky Flame      |       |       |     9 ||     9
Evoke: Wand              |       |       |     3 ||     3
  Use: Scroll            |       |       |     3 ||     3
       Potion            |       |       |     3 ||     3
 Stab: Sleeping          |       |     1 |       ||     1
Armor: Robe              |     1 |     3 |     9 ||    13
Dodge: Dodged            |     7 |    12 |    47 ||    66

Table legend: (Time is in decaauts)
 A = Elapsed time spent in this place.
 B = Non-inter-level travel time spent in this place.
 C = Inter-level travel time spent in this place.
 D = Time resting spent in this place.
 E = Time spent auto-exploring this place.
 F = Levels seen in this place.
 G = Mean time per level.
                   A        B        C        D        E       F      G
               +--------+--------+--------+--------+--------+-----+--------+
         Total |   7988 |   7903 |     85 |    505 |   6441 |   6 | 1331.3 |
       Dungeon |   6720 |   6635 |     85 |    505 |   5412 |   5 | 1344.0 |
         Sewer |   1267 |   1267 |      0 |      0 |   1029 |   1 | 1267.0 |
               +--------+--------+--------+--------+--------+-----+--------+

Top non-repeatable levels by time:
     D:4: 1778 daAuts
     D:1: 1581 daAuts
     D:2: 1550 daAuts
   Sewer: 1267 daAuts
     D:3: 1182 daAuts
     D:5: 628 daAuts
